 Dungeon Crawl Stone Soup version 0.30.1-3-gfc49f6343a (webtiles) character file.

Game seed: 6833663805866671509

5825 EWolf27 the Grappler (level 10, -9/88 (94) HPs)
             Began as a Troll Berserker on July 22, 2023.
             Was a High Priest of Trog.
             Mangled by an orange demon (12 damage)
             ... led by Amaemon
             ... on level 8 of the Dungeon on July 23, 2023.
             The game lasted 00:25:33 (6621 turns).

EWolf27 the Grappler (Troll Berserker)              Turns: 6621, Time: 00:25:34

HP:   -9/88 (94)    AC:  7    Str: 29    XL:     10   Next: 51%
MP:   9/9           EV: 16    Int:  5    God:    Trog [*****.]
Gold: 433           SH:  0    Dex:  9    Spells: 9/9 levels left

rFire   + .          .
                       - Unarmed
rCold   + . .        (no shield)
rNeg    + . .        r - +2 robe {rC+ rF+}
rPois   .            (helmet restricted)
rElec   .            G - +0 cloak
rCorr   .            (gloves unavailable)
SInv    .            (boots unavailable)
Will    .....        (no amulet)
Stlth   ++           o - ring of positive energy
HPRegen 1.14/turn    q - +5 ring of evasion
MPRegen 0.11/turn

%: no passive effects
@: lethally poisoned (-9 -> -10), on berserk cooldown, slowed, drained, very
slow
A: large, unfitting armour, claws 3, regeneration 1, shaggy fur 1, tough skin 1
a: Renounce Religion, Berserk, Trog's Hand, Brothers in Arms


You were on level 8 of the Dungeon.
You worshipped Trog.
Trog was extremely pleased with you.
You visited 2 branches of the dungeon, and saw 9 of its levels.
You also visited: Ossuary.

You collected 532 gold pieces.
You spent 99 gold pieces at shops.

Inventory:

Hand Weapons
 s - a +0 giant spiked club
 z - a +1 whip of electrocution
 N - the +5 hammer of the Common Good {flame, rPois rC+}
   (You found it on level 7 of the Dungeon)

   rC:        It protects you from cold.
   rPois:     It protects you from poison.
Missiles
 g - 64 stones (quivered)
 F - 2 throwing nets
Armour
 r - a +2 robe of resistance (worn)
 G - a +0 cloak (worn)
Jewellery
 n - the Hermit's Pendant {Faith Invo=14 Evo=0 MP+5}
   (You found it on level 2 of the Dungeon)

   [amulet of faith]

   Invo=14: It sets your Invocations skill to 14.
   Evo=0: It sets your Evocations skill to 0.
   It allows you to gain divine favour quickly.
   MP:        It affects your magic capacity (+5).
 o - a ring of positive energy (left claw)
 q - a +5 ring of evasion (right claw)
 w - a ring of ice
Wands
 a - a wand of quicksilver (8)
 m - a wand of paralysis (2)
 M - a wand of polymorph (9)
Scrolls
 b - 6 scrolls of identify {unknown}
 e - 7 scrolls of teleportation {unknown}
 f - 6 scrolls of enchant armour {unknown}
 k - 3 scrolls of vulnerability {unknown}
 u - 3 scrolls of fog {unknown}
 v - a scroll of poison {unknown}
 x - a scroll of silence {unknown}
 y - 2 scrolls of enchant weapon {unknown}
 C - 2 scrolls of fear {unknown}
 H - 2 scrolls of blinking {unknown}
 I - a scroll of immolation {unknown}
 J - 2 scrolls of amnesia {unknown}
 K - a scroll of acquirement {unknown}
Potions
 c - a potion of lignification {unknown}
 d - 6 potions of curing
 h - 2 potions of attraction {unknown}
 i - 2 potions of cancellation {unknown}
 j - 4 potions of heal wounds {unknown}
 l - 3 potions of mutation {unknown}
 p - a potion of brilliance {unknown}
 t - 2 potions of degeneration {unknown}
 A - a potion of haste {unknown}
 B - a potion of berserk rage {unknown}
 D - a potion of might {unknown}
 E - 2 potions of magic {unknown}
 L - a potion of flight {unknown}


   Skills:
 + Level 4.4 Fighting
 * Level 3.9 Throwing
 + Level 6.5 Dodging
 - Level 2.0 Stealth
 + Level 12.4 Unarmed Combat


You had 9 spell levels left.
You didn't know any spells.
Your spell library was empty.

Dungeon Overview and Level Annotations

Branches:
Dungeon (8/15)             Temple (1/1) D:6         Ossuary (visited)
   Lair: D:8-11

Altars:
Ashenzari
Dithmenos
Fedhas
Gozag
Hepliaklqana
Kikubaaqudgha
Makhleb
Nemelex Xobeh
Okawaru
Qazlal
Ru
Sif Muna
Vehumet
Wu Jian
Yredelemnul
The Shining One

Shops:
D:3 [

Annotations:
D:7 1 runed translucent door, Destapler's ghost, novice TrBe
D:8 Psyche


Innate Abilities, Weirdness & Mutations

You are too large for most types of armour.
You have claws for hands.
Your natural rate of healing is unusually fast.
You are covered in fur. (AC +1)
You have tough skin. (AC +1)


Message History

* * * LOW HITPOINT WARNING * * *
You hear some strange, mumbled words.
A swirling arc of seething chaos appears!
An arc of chaos appears from out of thin air!
The arc of chaos hits you!
You are confused.
The orc priest invokes the aid of Beogh against you.
Beogh smites you!
* * * LOW HITPOINT WARNING * * *
You're too confused to move!
* * * LOW HITPOINT WARNING * * *
You feel extremely sick. Something hits you.
* * * LOW HITPOINT WARNING * * *
The orange demon stings you from afar.
* * * LOW HITPOINT WARNING * * *
It was a potion of curing.
You feel better.
You hear some strange, mumbled words.
A swirling arc of seething chaos appears!
An arc of chaos appears from out of thin air!
The arc of chaos hits you. You partially resist.
You feel drained.
* * * LOW HITPOINT WARNING * * *
Something hits you.
* * * LOW HITPOINT WARNING * * *
You partially resist.
You feel drained. The orange demon closely misses you.
You hear some strange, mumbled words.
A swirling arc of seething chaos appears!
An arc of chaos appears from out of thin air!
The arc of chaos hits the orange demon.
The orange demon goes berserk!
The arc of chaos hits the orc priest.
The orange demon stings you but does no damage.
Something hits you.
* * * LOW HITPOINT WARNING * * *
You are poisoned.
The orc barely misses you. The orange demon closely misses you.
Something hits you but does no damage. The orc attacks as you move away!
The orc misses you.
You feel very sick. Something barely misses you.
The orange demon stings you from afar!
You die...

#.# #..#####.)......
#..#####.##.....>......
###..........#####......
........###### ##......
###.......# #...o...
##........# #.......
..........# #.).....
###.....o.#######.......
#...<@.4o....))).)....
#.......########......
####....# ##..... #....#
###### #....# #....#
######


You could see an orange demon (berserk, corroded), an orc priest and an orc.

Vanquished Creatures
  Amaemon (D:8)
  Pikel (D:5)
  An unseen horror zombie (D:7)
  Prince Ribbit (D:5)
  2 wyverns
  Duvessa (D:7)
  A water moccasin (D:7)
  A sky beast (D:7)
  A black bear (D:7)
  5 ogres
  3 centaurs
  A phantom (D:5)
  A kobold brigand (D:5)
  A gnoll sergeant (D:7)
  4 bullfrogs
  4 wyvern zombies
  2 scorpions (D:5)
  2 water moccasin zombies
  3 wights (D:7)
  Dowan (D:7)
  2 centaur zombies (Ossuary)
  6 bullfrog zombies (Ossuary)
  7 hounds
  3 jellies (D:6)
  Crazy Yiuf (D:7)
  4 orc priests
  A gnoll bouda (D:6)
  3 sleepcaps (D:5)
  16 mummies (Ossuary)
  8 iguanas
  Natasha (D:3)
  5 orc wizards
  5 killer bee zombies
  Robin (D:2)
  2 howler monkey zombies (D:7)
  7 gnolls
  11 adders
  An ufetubus (D:7)
  3 dart slugs
  26 orcs
  4 ball pythons
  6 bats
  10 endoplasms
  3 giant cockroaches
  12 goblins
  13 hobgoblins
  8 jackals
  14 kobolds
  5 quokkas
  3 frilled lizards
  A giant cockroach zombie (D:3)
  A quokka simulacrum (D:3)
  3 quokka skeletons (D:3)
  4 rats
237 creatures vanquished.

Vanquished Creatures (others)
  A spectral adder (D:3)
  A kobold (D:8)
2 creatures vanquished.

Grand Total: 239 creatures vanquished

Notes
Turn   | Place    | Note
-------+----------+-------------------------------------------
     0 | D:1      | EWolf27 the Troll Berserker began the quest for the Orb.
     0 | D:1      | Reached XP level 1. HP: 22/22 MP: 0/0
   201 | D:1      | Reached XP level 2. HP: 29/29 MP: 1/1
   535 | D:1      | Reached ** piety under Trog
   584 | D:1      | You fall into a shaft and drop 1 floor!
   627 | D:2      | Reached XP level 3. HP: 21/37 MP: 2/2
   826 | D:2      | Reached XP level 4. HP: 42/45 MP: 3/3
   829 | D:2      | Noticed Robin
   849 | D:2      | Killed Robin
   948 | D:2      | Reached *** piety under Trog
   983 | D:2      | Reached skill level 4 in Unarmed Combat
  1068 | D:2      | Found the Hermit's Pendant {Faith Invo=14 Evo=0 MP+5}
  1425 | D:3      | Found a faded altar of an unknown god.
  1813 | D:3      | Found Supufut's Antique Armour Emporium.
  1831 | D:3      | Bought a glowing robe for 99 gold pieces
  1896 | D:3      | Found an opulent altar of Gozag.
  1965 | D:3      | Found a glowing golden altar of the Shining One.
  2041 | D:3      | Reached XP level 5. HP: 53/53 MP: 4/4
  2122 | D:3      | Noticed Natasha
  2135 | D:3      | Killed Natasha
  2203 | D:3      | Identified the +2 dagger of the Priest {pain, Dex+3}
  2563 | D:4      | Reached skill level 5 in Unarmed Combat
  2593 | D:4      | Reached XP level 6. HP: 55/61 MP: 5/5
  2911 | D:4      | Reached skill level 6 in Unarmed Combat
  3332 | D:5      | Entered Level 5 of the Dungeon
  3397 | D:5      | Reached skill level 1 in Stealth
  3397 | D:5      | Reached XP level 7. HP: 54/67 MP: 6/6
  3494 | D:5      | Noticed Pikel
  3510 | D:5      | Killed Pikel
  3511 | D:5      | Reached skill level 7 in Unarmed Combat
  3511 | D:5      | Reached XP level 8. HP: 75/75 MP: 7/7
  3640 | D:5      | Reached skill level 8 in Unarmed Combat
  3815 | D:5      | Reached skill level 5 in Dodging
  3923 | D:5      | Reached skill level 9 in Unarmed Combat
  4176 | D:5      | Reached **** piety under Trog
  4297 | D:5      | Reached XP level 9. HP: 84/84 MP: 8/8
  4340 | D:5      | Noticed Prince Ribbit
  4348 | D:5      | Killed Prince Ribbit
  4537 | D:6      | Reached skill level 10 in Unarmed Combat
  4695 | D:6      | Found a staircase to the Ecumenical Temple.
  4705 | Temple   | Entered the Ecumenical Temple
  5381 | D:7      | Reached skill level 1 in Throwing
  5472 | D:7      | Found a basalt altar of Yredelemnul.
  5481 | D:7      | Reached skill level 11 in Unarmed Combat
  5536 | D:7      | Found a sand-covered staircase.
  5540 | Ossuary  | Entered an ossuary
  5569 | Ossuary  | Reached ***** piety under Trog
  5621 | Ossuary  | Reached XP level 10. HP: 92/92 MP: 9/9
  5993 | D:7      | Found a sacrificial altar of Ru.
  6060 | D:7      | Received a gift from Trog
  6062 | D:7      | Found a runed translucent door.
  6062 | D:7      | Noticed Destapler's ghost (novice TrBe)
  6122 | D:7      | Reached skill level 12 in Unarmed Combat
  6178 | D:7      | Found a radiant altar of Vehumet.
  6242 | D:7      | Noticed Dowan
  6245 | D:7      | Noticed Duvessa
  6257 | D:7      | Killed Duvessa
  6262 | D:7      | Killed Dowan
  6334 | D:7      | Found a runed translucent door.
  6335 | D:7      | Noticed Crazy Yiuf
  6340 | D:7      | Killed Crazy Yiuf
  6345 | D:7      | Identified the +5 hammer of the Common Good {flame, rPois
                  | rC+}
  6563 | D:8      | Noticed Amaemon
  6585 | D:8      | Noticed Psyche
  6594 | D:8      | Killed Amaemon
  6598 | D:8      | Noticed an orange demon
  6617 | D:8      | HP: 4/90 [something (3)]
  6621 | D:8      | Mangled by an orange demon

Illustrated notes

Levels and vault maps discovered:
D:1:      mainiacjoe_arrival_reflecting_pool, layout_basic,
          hangedman_abyss_or_decor_stabs, chequers_serial_rivers_micro_a
D:2:      layout_rooms, serial_curves, eino_curves_02, eino_curves_04,
          minivault_26, serial_park_tiny_1, nrook_loot_triangle, uniq_robin
D:3:      layout_loops_corners, grunt_gozag_breadcrumbs,
          mainiacjoe_overflow_surrounded_room, serial_shops,
          nicolae_shop_competitors_out_of_business,
          hellmonk_ecumenical_altar_zigzags, dilly_guarded_unrand_morg
D:4:      layout_loops_ring, corner_web_ring
D:5:      kennysheep_windowed_halls, layout_basic, uniq_pikel,
          uniq_prince_ribbit1
D:6:      layout_basic, minmay_temple_entry_slanted
D:7:      layout_basic, lemuel_tele_altar, lemuel_round_altar,
          nicolae_yredelemnul_corpse_copse, enter_ossuary_5,
          ebering_ghost_reflecting_pool, uniq_duvessa, uniq_crazy_yiuf_cottage
D:8:      layout_rooms, mainiacjoe_overflow_brackets,
          lemuel_coloured_pillars_altar, uniq_psyche, uniq_amaemon
Temple:   minmay_temple_curvy_branch

Skill      XL: |  1  2  3  4  5  6  7  8  9 10 |
---------------+-------------------------------+-----
Fighting       | 3 4 |  4.4
Dodging        | 3 4 5 6 |  6.5
Unarmed Combat | 4 5 6 7 9 11 12 | 12.4
Stealth        | 1 2 |  2.0
Throwing       | 2 3 |  3.9

Action                     |  1- 3 |  4- 6 |  7- 9 | 10-12 || total
---------------------------+-------+-------+-------+-------++-------
  Melee: Unarmed           |   104 |   202 |   248 |   120 ||   674
         Punch             |     1 |     2 |    11 |     8 ||    22
  Throw: Stone             |       |     4 |       |     5 ||     9
 Invoke: Berserk           |       |     2 |     1 |     2 ||     5
    Use: Potion            |       |       |       |     1 ||     1
   Stab: Sleeping          |     1 |     2 |     1 |     2 ||     6
 Armour: Animal skin       |    37 |    27 |       |       ||    64
         Robe              |       |    34 |    58 |    27 ||   119
  Dodge: Dodged            |    66 |   114 |   214 |    75 ||   469
